 Dungeon Crawl Stone Soup version 0.30.0-29-ga12c61a403 (webtiles) character file.

Game seed: 17500956616329706743

425 yourlovingmother the Covert (level 7, 0/40 HPs)
             Began as a Kobold Brigand on June 26, 2023.
             Succumbed to an orc priest's poison
             ... on level 4 of the Dungeon.
             The game lasted 00:06:09 (4138 turns).

yourlovingmother the Covert (Kobold Brigand)        Turns: 4138, Time: 00:06:10

Health: 0/40       AC:  3    Str:  8    XL:     7   Next: 18%
Magic:  7/7        EV: 14    Int: 12    God:
Gold:   984        SH:  0    Dex: 19    Spells: 6/6 levels left

rFire   . . .        r - +0 rapier
rCold   . . .        (no shield)
rNeg    . . .        b - +0 robe
rPois   .            (no helmet)
rElec   .            n - +0 cloak
rCorr   .            (no gloves)
SInv    .            (no boots)
Will    .....        (no amulet)
Stlth   ++++++       (no ring)
HPRegen 0.26/turn    (no ring)
MPRegen 0.10/turn

%: no passive effects
@: lethally poisoned (0 -> -4), hasted, very quick
A: small, no large weapons, nightstalker 3
a: no special abilities


You were on level 4 of the Dungeon.
You visited 1 branch of the dungeon, and saw 5 of its levels.

You collected 984 gold pieces.

Inventory:

Hand Weapons
 a - a +2 dagger
 r - a +0 rapier (weapon)
Missiles
 d - 9 poisoned darts (quivered)
 e - 3 curare-tipped darts
Armour
 b - a +0 robe (worn)
 n - a +0 cloak (worn)
Jewellery
 s - a ring of ice
Scrolls
 j - a scroll of immolation
 l - 3 scrolls of teleportation
 m - 2 scrolls of enchant armour
 o - a scroll of noise
 t - a scroll of blinking
Potions
 h - 2 potions of haste
 i - a potion of resistance {unknown}
 q - a potion of mutation {unknown}


   Skills:
 - Level 2.1 Fighting
 - Level 4.0 Short Blades
 - Level 2.1 Throwing
 - Level 1.2 Dodging
 * Level 10.8 Stealth


You had 6 spell levels left.
You didn't know any spells.
Your spell library was empty.

Dungeon Overview and Level Annotations

Branches:
Dungeon (5/15)
 Temple: D:4-7

Altars:

Annotations:
D:3 1 transporter, Woods's ghost, amateur FeTm


Innate Abilities, Weirdness & Mutations

You are small and have problems with some larger weapons.
You are completely attuned to the shadows.


Message History

The orc hits you but does no damage. The orc priest misses you.
You hit the orc priest.
The orc priest is severely wounded.
You feel sick. The orc hits you but does no damage.
The orc priest hits you with a +1 short sword of venom.
You are lethally poisoned!
The orc priest attacks as you move away!
The orc priest barely misses you.
You feel very sick.
There is an escape hatch in the floor here.
The orc priest attacks as you move away!
The orc priest barely misses you.
* * * LOW HITPOINT WARNING * * *
You feel very sick.
The orc priest casts a cantrip, but nothing happens.
Unknown command.
You feel much better.
You feel sick. The orc hits you with a +0 club.
You hit the orc.
The orc is lightly wounded.
You feel very sick. The orc closely misses you.
You feel yourself speed up.
You feel sick. The orc hits you with a +0 club.
The orc priest completely misses you.
You hit the orc priest.
The orc priest is almost dead.
You feel sick. The orc barely misses you.
The orc priest mumbles some strange prayers to Beogh against you.
Beogh smites you!
* * * LOW HITPOINT WARNING * * *
Unknown command.
Okay, then.
Okay, then.
You hit the orc priest but do no damage.
You punch the orc priest.
The orc priest is almost dead.
* * * LOW HITPOINT WARNING * * *
You feel sick.
Unknown command.
Okay, then.
You die...

######.##<.....#
#..######.###### #..#
#....... #).# ######.#
##########..# #.#
#........#..# #.#
#........#o.## ##.#
#.........o..#### #..#
#.......@##>....#### #.##
#........##.###....###.##
############# ####.......
#####.## #####...
#####......#
########..(......##
##....[#.......#....
##..[.........#...###


You could see an orc priest and an orc.

Vanquished Creatures
  Blork the orc (D:5)
  A bullfrog (D:4)
  A scorpion (D:3)
  An orc priest (D:4)
  A sleepcap (D:5)
  An orc wizard (D:5)
  3 gnolls
  5 adders
  3 worms
  A dart slug (D:1)
  7 orcs
  5 endoplasms
  4 giant cockroaches
  8 goblins
  6 hobgoblins
  2 quokkas
  7 ball pythons
  3 bats
  6 frilled lizards
  2 kobolds
  9 rats
77 creatures vanquished.

Notes
Turn   | Place    | Note
-------+----------+-------------------------------------------
     0 | D:1      | yourlovingmother the Kobold Brigand began the quest for the
                  | Orb.
     0 | D:1      | Reached XP level 1. HP: 12/12 MP: 1/1
   204 | D:1      | Reached XP level 2. HP: 17/17 MP: 2/2
   339 | D:1      | Reached skill level 6 in Stealth
   440 | D:1      | Reached XP level 3. HP: 8/21 MP: 3/3
  1312 | D:2      | Found a faded altar of an unknown god.
  1420 | D:2      | Reached XP level 4. HP: 26/26 MP: 4/4
  1866 | D:3      | Found a transporter.
  1884 | D:3      | Identified a scroll of acquirement
  1886 | D:3      | Acquired 727 gold pieces
  2131 | D:3      | Reached skill level 7 in Stealth
  2203 | D:3      | Noticed an ogre
  2206 | D:3      | Noticed an ogre
  2207 | D:3      | Noticed an ogre
  2216 | D:3      | Noticed Woods's ghost (amateur FeTm)
  2642 | D:3      | Reached XP level 5. HP: 22/30 MP: 5/5
  3313 | D:3      | Reached skill level 8 in Stealth
  3424 | D:4      | Reached skill level 9 in Stealth
  3424 | D:4      | Reached XP level 6. HP: 35/35 MP: 6/6
  3894 | D:4      | Reached skill level 10 in Stealth
  4005 | D:5      | Entered Level 5 of the Dungeon
  4005 | D:5      | Noticed Blork the orc
  4007 | D:5      | Killed Blork the orc
  4008 | D:5      | Reached XP level 7. HP: 40/40 MP: 7/7
  4136 | D:4      | HP: 2/40 [orc priest/divine providence (17)]
  4138 | D:4      | Succumbed to an orc priest's poison

Illustrated notes

Levels and vault maps discovered:
D:1:      dpeg_arrival_solitude, layout_loops_ring, serial_bayou_pond_b
D:2:      layout_loops_cross, ebering_ecumenical_altar_petrified,
          minmay_misc_feat_alley
D:3:      layout_loops_cross, gammafunk_ghost_smash, minmay_misc_feat_square
D:4:      layout_rooms
D:5:      layout_gridville, nicolae_wu_jian_wuxing_cycle, minmay_misc_feat_rows,
          uniq_blork_the_orc

Skill      XL: |  1  2  3  4  5  6 |
---------------+-------------------+-----
Short Blades   | 3 4 |  4.0
Stealth        | 6 7 9 10 | 10.8
Fighting       | |  2.1
Throwing       | |  2.1
Dodging        | |  1.2

Action                     |  1- 3 |  4- 6 |  7- 9 || total
---------------------------+-------+-------+-------++-------
  Melee: Dagger            |    51 |       |       ||    51
         Rapier            |     8 |   164 |    19 ||   191
         Punch             |       |     1 |     4 ||     5
    Use: Scroll            |       |    12 |       ||    12
         Potion            |       |     5 |     2 ||     7
   Stab: Sleeping          |    20 |    18 |     1 ||    39
 Armour: Robe              |     4 |    21 |     5 ||    30
  Dodge: Dodged            |    29 |   137 |    16 ||   182
